Map: Blackburn EE

Players

Cham

  • Race: Zerg Zerg
  • League: Master

Astrea - Winner!

  • Race: Protoss Protoss
  • League: Master

Event: DreamHack SC2 Masters Last Chance 2022

VOD

Have the link to the VOD?

Description

Time

  • Played on: Dec. 19, 2021, 7:55 p.m.
  • Length: 33:32

All games in this series

Show
View Real Time Build Order
Export as new Build Order

Cham Zerg 

Build Orders: Hatch First, Brood Lord Corruptor 

Get SALT Encoding   

  12  0:00  Drone  
  13  0:13  Overlord  
  13  0:16  Drone  
  14  0:32  Drone x2  
  16  0:49  Hatchery  
  15  0:52  Drone  
  15  0:55  Drone  
  17  0:59  Drone  
  18  1:12  Spawning Pool  
  18  1:14  Extractor  
  16  1:19  Drone  
  16  1:25  Drone  
  18  1:31  Drone  
  19  1:41  Overlord  
  19  1:51  Drone  
  20  2:05  Drone  
  20  2:06  Queen x2  
  25  2:08  Zergling x2  
  25  2:12  Zergling x2  
  27  2:18  Drone  
  27  2:19  Metabolic Boost  
  28  2:25  Drone  
  29  2:32  Drone  
  30  2:40  Hatchery  
  29  2:46  Drone x2  
  29  2:47  Overlord  
  31  2:54  Queen  
  33  2:58  Drone  
  33  3:01  Drone  
  33  3:04  Overlord  
  35  3:10  Drone x2  
  37  3:16  Drone x4  
  37  3:18  Drone  
  42  3:20  Drone  
  42  3:26  Queen  
  45  3:31  Overlord  
  45  3:33  Drone  
  46  3:36  Spore Crawler  
  46  3:39  Spore Crawler  
  46  3:41  Drone  
  45  3:49  Queen  
  45  3:50  Zergling x2  
  45  3:51  Zergling x4  
  45  3:54  Overlord  
  50  3:56  Drone  
  50  3:59  Drone x2  
  53  4:05  Drone  
  53  4:06  Drone x3  
  53  4:08  Drone  
  58  4:13  Overlord  
  58  4:14  Drone  
  59  4:21  Drone x2, Spore Crawler  
  59  4:22  Drone x2  
  62  4:28  Overlord  
  62  4:30  Drone x3  
  65  4:36  Lair  
  64  4:39  Drone  
  64  4:40  Drone x2  
  64  4:41  Drone x2  
  69  4:47  Extractor  
  69  4:50  Drone x3  
  69  4:52  Overlord, Roach Warren  
  70  4:56  Extractor  
  70  4:57  Evolution Chamber, Extractor  
  68  5:00  Drone x3  
  68  5:03  Overlord  
  68  5:04  Drone x2  
  72  5:07  Extractor  
  72  5:09  Drone x3, Extractor  
  72  5:11  Drone  
  74  5:15  Drone x2  
  74  5:16  Drone x2  
  77  5:24  Drone x3, Hatchery  
  79  5:29  Zerg Melee Weapons Level 1  
  79  5:37  Glial Reconstitution  
  79  5:41  Drone, Baneling Nest  
  79  5:43  Drone  
  79  5:44  Drone, Overlord  
  79  5:45  Spire  
  79  5:46  Zergling x6  
  83  5:55  Overlord  
  83  5:58  Roach x5  
  83  6:02  Queen  
  94  6:06  Queen  
  94  6:09  Queen  
  97  6:14  Drone x2  
  97  6:15  Drone x3  
  102  6:21  Drone x4  
  102  6:22  Drone  
  102  6:24  Overlord  
  107  6:28  Drone x3, Overlord  
  107  6:31  Infestation Pit, Drone  
  110  6:35  Overlord  
  110  6:37  Drone x2  
  112  6:42  Centrifugal Hooks  
  112  6:44  Overlord  
  112  6:46  Drone x3  
  116  6:47  Drone, Evolution Chamber  
  116  6:50  Overlord  
  113  6:55  Extractor x2  
  113  6:59  Zerg Flyer Weapons Level 1  
  110  7:02  Spore Crawler  
  110  7:03  Hatchery  
  110  7:05  Spore Crawler  
  108  7:08  Drone x3  
  108  7:09  Drone, Overlord  
  108  7:13  Zerg Ground Armor Level 1  
  108  7:15  Hive  
  111  7:17  Zergling x12  
  111  7:19  Spore Crawler  
  116  7:24  Overlord  
  116  7:26  Zergling x12  
  121  7:41  Drone x2  
  121  7:42  Drone x8  
  131  7:46  Zerg Melee Weapons Level 2  
  131  7:50  Overlord  
  131  7:51  Pathogen Glands  
  131  7:52  Burrow  
  131  7:56  Drone x6  
  137  8:02  Drone  
  137  8:03  Drone  
  137  8:04  Spire  
  138  8:09  Corruptor, Spore Crawler  
  138  8:10  Corruptor x4  
  138  8:12  Overlord  
  147  8:19  Extractor x2  
  144  8:21  Drone x2  
  144  8:23  Corruptor x3, Spore Crawler  
  151  8:28  Adrenal Glands  
  151  8:31  Drone  
  151  8:33  Ultralisk Cavern  
  131  8:52  Roach x13  
  131  8:53  Zergling x2  
  131  8:54  Zergling x6  
  158  8:56  Greater Spire  
  157  9:09  Zerg Ground Armor Level 2  
  157  9:13  Roach x7  
  157  9:15  Roach x3, Spore Crawler  
  157  9:16  Spore Crawler  
  175  9:18  Baneling x8  
  175  9:24  Chitinous Plating  
  175  9:28  Overlord x2  
  175  9:44  Corruptor x3, Viper x2  
  184  9:48  Drone  
  184  9:49  Drone x4  
  184  9:51  Spore Crawler  
  184  9:52  Spore Crawler x2  
  187  9:54  Spore Crawler  
  187  9:55  Drone x3, Spore Crawler x4  
  187  9:56  Spore Crawler x3  
  187  9:59  Drone x3  
  185  10:00  Drone  
  185  10:03  Drone x2  
  185  10:05  Zerg Melee Weapons Level 3, Spore Crawler x4  
  183  10:08  Spore Crawler  
  183  10:09  Spore Crawler  
  183  10:12  Brood Lord x2  
  185  10:16  Brood Lord, Spore Crawler  
  185  10:19  Spore Crawler  
  185  10:20  Spore Crawler  
  185  10:21  Spore Crawler  
  183  10:27  Corruptor x4  
  191  10:33  Overlord  
  191  10:37  Corruptor x3  
  191  10:40  Drone x2  
  199  10:43  Anabolic Synthesis  
  199  10:49  Zerg Flyer Weapons Level 2  
  199  10:50  Zerg Flyer Armor Level 1  
  199  10:52  Overseer x2  
  199  10:57  Spine Crawler  
  199  11:00  Spine Crawler x2  
  196  11:10  Corruptor  
  198  11:28  Zerg Ground Armor Level 3  
  198  11:42  Brood Lord  
  198  11:44  Overseer  
  200  12:04  Spore Crawler  
  200  12:06  Hatchery  
  200  12:08  Spine Crawler  
  197  12:10  Drone x3, Spine Crawler  
  197  12:11  Drone, Spore Crawler x2  
  197  12:12  Spore Crawler  
  197  12:13  Corruptor  
  197  12:14  Drone  
  199  12:43  Hatchery  
  198  12:55  Spore Crawler  
  198  12:56  Spore Crawler x3  
  194  13:01  Spore Crawler  
  194  13:02  Corruptor x3  
  194  13:03  Spore Crawler  
  192  13:16  Infestor x2  
  192  13:17  Infestor x2  
  192  13:19  Viper  
  199  13:29  Zerg Flyer Armor Level 2  
  199  13:30  Zerg Flyer Weapons Level 3  
  199  13:31  Zerg Missile Weapons Level 1  
  199  13:36  Spine Crawler  
  199  13:39  Spine Crawler x2  
  199  13:40  Spine Crawler  
  195  14:04  Brood Lord x2  
  191  15:03  Hatchery  
  180  15:17  Roach x6  
  168  15:27  Viper  
  171  15:28  Corruptor  
  171  15:29  Corruptor x5  
  171  15:31  Brood Lord x3  
  171  15:33  Ultralisk, Zergling x4  
  171  15:34  Zergling x6  
  194  15:56  Zerg Missile Weapons Level 2  
  194  15:58  Zerg Flyer Armor Level 3  
  194  16:01  Drone  
  194  16:02  Drone x5  
  200  16:05  Overlord  
  196  16:14  Extractor x2  
  194  16:23  Zergling x12  
  200  16:29  Roach x3  
  200  16:51  Hatchery  
  199  16:55  Drone  
  199  16:57  Baneling  
  199  16:58  Baneling x10  
  195  17:10  Spore Crawler  
  195  17:11  Spore Crawler  
  195  17:13  Spore Crawler  
  195  17:14  Zergling x14, Spore Crawler  
  185  17:37  Viper  
  185  17:44  Corruptor x6  
  198  17:57  Drone  
  198  17:58  Drone  
  200  18:02  Baneling x8  
  200  18:10  Infestor x2  
  200  18:11  Infestor x2  
  200  18:15  Hatchery  
  199  18:25  Zergling x2  
  197  18:36  Zergling x6  
  187  19:09  Brood Lord x6  
  199  19:13  Zergling x2  
  200  19:27  Spire  
  195  19:31  Spore Crawler  
  195  19:32  Spore Crawler x2  
  195  19:33  Spore Crawler x4  
  195  19:34  Spore Crawler  
  195  19:35  Spore Crawler x2  
  185  19:40  Spore Crawler  
  182  19:52  Zergling x24  
  190  20:17  Infestor x4, Baneling  
  190  20:18  Baneling x5  
  190  20:29  Drone  
  175  20:45  Hatchery  
  153  20:51  Corruptor x10, Viper  
  152  21:12  Infestor  
  152  21:17  Corruptor  
  152  21:18  Corruptor x8  
  158  21:20  Brood Lord x4  
  180  21:31  Zergling x20  
  180  21:32  Zergling x6  
  191  21:48  Zergling x14  
  191  21:52  Extractor  
  197  21:54  Extractor  
  197  21:57  Drone  
  197  22:05  Spine Crawler  
  197  22:07  Spine Crawler, Spore Crawler x2  
  193  22:11  Corruptor x4, Spore Crawler  
  193  22:15  Baneling x7  
  200  22:16  Baneling x8  
  200  22:26  Infestor  
  200  22:33  Spore Crawler  
  200  22:34  Spore Crawler x2  
  200  22:35  Baneling x4  
  200  22:36  Drone x4, Baneling x4, Spore Crawler  
  200  22:40  Infestor  
  200  22:41  Infestor x2  
  191  22:50  Zergling x40  
  194  22:58  Queen x5  
  192  23:02  Zerg Missile Weapons Level 3  
  200  23:16  Spine Crawler  
  180  23:48  Infestor x4, Corruptor x6  
  180  23:49  Corruptor x4  
  180  23:52  Baneling x15  
  180  23:53  Baneling x3  
  199  24:02  Brood Lord  
  199  24:04  Zergling x2  
  199  24:05  Baneling  
  173  24:34  Viper  
  173  24:35  Viper  
  177  24:40  Infestor x3, Brood Lord x7  
  177  24:42  Corruptor  
  177  24:43  Corruptor x3  
  177  24:45  Baneling x3  
  199  24:48  Extractor x2  
  194  25:13  Hatchery  
  186  25:31  Infestor x3  
  186  25:33  Corruptor x6  
  196  26:06  Infestor x5  
  181  26:22  Ultralisk, Zergling x2  
  181  26:23  Ultralisk, Zergling x12  
  153  27:19  Zergling x30  
  166  27:32  Brood Lord x2  
  166  27:33  Brood Lord x5  
  142  27:38  Infestor x5  
  134  27:45  Ultralisk x3, Zergling x12  
  143  28:09  Baneling x8  
  143  28:18  Hatchery  
  124  28:40  Brood Lord x3  
  131  28:48  Zergling x8  
  131  28:49  Zergling x2  
  135  29:02  Zergling x8  
  128  29:20  Drone x5  
  126  29:24  Zergling x4  
  119  29:50  Zergling x2  
  119  29:51  Ultralisk  
  115  30:29  Zergling x16  
  115  30:30  Zergling x4  
  128  30:36  Extractor  
  125  30:47  Hatchery  
  123  31:20  Hatchery  
  122  31:47  Corruptor  
  118  32:20  Corruptor  
  113  32:39  Corruptor  
  113  32:41  Drone x3  
  113  32:42  Drone  
  111  32:44  Extractor  
  111  32:46  Extractor  
  109  32:55  Corruptor  
  111  32:59  Drone  
Show
View Real Time Build Order
Export as new Build Order

Astrea Protoss - Winner!

Build Orders: 1 Gate Expand, Oracle Opening 

Get SALT Encoding   

  12  0:00  Probe  
  13  0:12  Probe  
  14  0:17  Pylon  
  14  0:24  Probe (Chrono Boost)  
  16  0:36  Probe (Chrono Boost)  
  16  0:37  Gateway  
  16  0:43  Probe (Chrono Boost)  
  16  0:46  Assimilator  
  17  0:51  Probe  
  18  1:03  Probe  
  19  1:15  Probe  
  20  1:23  Nexus  
  20  1:27  Probe  
  21  1:36  Cybernetics Core  
  21  1:42  Assimilator  
  21  1:45  Probe  
  22  1:52  Pylon  
  22  1:57  Probe  
  23  2:10  Adept (Chrono Boost), Probe (Chrono Boost)  
  26  2:21  Probe (Chrono Boost)  
  27  2:23  Stargate  
  27  2:26  Probe (Chrono Boost)  
  22  2:30  Warp Gate  
  28  2:35  Adept  
  28  2:36  Probe  
  31  2:38  Probe  
  32  2:48  Probe  
  32  2:51  Probe  
  34  3:00  Probe, Shield Battery  
  34  3:03  Probe  
  34  3:05  Adept  
  38  3:07  Void Ray (Chrono Boost)  
  38  3:11  Pylon  
  38  3:12  Probe  
  39  3:18  Probe  
  44  3:24  Probe  
  45  3:30  Probe  
  46  3:35  Nexus  
  46  3:38  Probe  
  47  3:42  Probe, Oracle (Chrono Boost)  
  51  3:50  Probe  
  51  3:51  Pylon  
  51  3:52  Assimilator  
  52  3:56  Assimilator  
  52  3:57  Probe  
  52  4:02  Stargate  
  53  4:03  Probe  
  53  4:09  Probe, Pylon  
  55  4:16  Probe  
  56  4:21  Probe  
  56  4:23  Pylon  
  57  4:28  Probe  
  58  4:31  Void Ray  
  58  4:33  Protoss Air Weapons Level 1, Probe  
  63  4:40  Probe  
  64  4:45  Void Ray, Probe  
  64  4:46  Forge  
  64  4:48  Probe  
  71  4:52  Probe  
  71  4:58  Assimilator  
  71  4:59  Probe (Chrono Boost)  
  72  5:00  Assimilator, Probe (Chrono Boost), Pylon  
  74  5:08  Void Ray  
  74  5:09  Probe (Chrono Boost), Pylon  
  74  5:12  Probe (Chrono Boost)  
  76  5:15  Probe (Chrono Boost)  
  76  5:18  Probe (Chrono Boost)  
  76  5:19  Probe (Chrono Boost)  
  82  5:22  Void Ray, Probe  
  82  5:26  Probe  
  84  5:29  Probe  
  84  5:34  Probe  
  90  5:38  Probe  
  90  5:41  Probe  
  92  5:45  Void Ray  
  92  5:46  Fleet Beacon, Probe  
  92  5:48  Pylon  
  93  5:53  Stargate  
  93  5:54  Nexus  
  97  6:00  Probe x3  
  100  6:06  Photon Cannon, Void Ray  
  100  6:13  Probe  
  100  6:17  Probe  
  106  6:20  Probe  
  107  6:25  Probe  
  107  6:29  Probe  
  107  6:32  Flux Vanes  
  113  6:35  Probe  
  113  6:39  Assimilator  
  110  6:42  Pylon  
  110  6:43  Assimilator  
  115  6:47  Carrier (Chrono Boost)  
  115  6:49  Probe x2  
  115  6:51  Protoss Air Weapons Level 2, Photon Cannon  
  117  7:00  Pylon  
  117  7:01  Probe  
  124  7:02  Photon Cannon  
  124  7:03  Carrier (Chrono Boost)  
  124  7:04  Shield Battery  
  124  7:05  Pylon  
  124  7:07  Carrier (Chrono Boost)  
  124  7:08  Probe x2  
  132  7:11  Probe  
  132  7:13  Probe  
  134  7:17  Protoss Ground Weapons Level 1  
  134  7:18  Twilight Council  
  134  7:20  Probe  
  134  7:22  Probe  
  136  7:24  Probe  
  136  7:25  Probe  
  138  7:32  Probe  
  138  7:34  Probe  
  140  7:37  Robotics Facility  
  140  7:38  Photon Cannon  
  140  7:40  Photon Cannon  
  140  7:43  Probe x2  
  143  7:44  Probe  
  143  7:46  Probe  
  143  7:50  Gateway x2  
  144  7:54  Gateway  
  144  7:56  Gateway  
  144  7:59  Gateway, Pylon  
  144  8:00  Gateway, Void Ray (Chrono Boost)  
  144  8:01  Void Ray (Chrono Boost)  
  144  8:04  Gateway  
  152  8:06  Gateway  
  152  8:10  Charge (Chrono Boost)  
  152  8:12  Gateway  
  152  8:14  Gateway  
  152  8:17  Templar Archives  
  152  8:25  Observer (Chrono Boost)  
  153  8:30  Void Ray x2  
  153  8:32  Void Ray  
  153  8:33  Gateway  
  153  8:39  Pylon x2  
  153  8:40  Pylon x2  
  163  8:42  Gateway, Pylon  
  163  8:49  Photon Cannon  
  161  8:57  Photon Cannon  
  161  8:58  Warp Prism (Chrono Boost)  
  161  8:59  Pylon, Shield Battery  
  163  9:04  High Templar  
  163  9:05  Zealot x4, High Templar x3  
  179  9:11  Archon x2  
  179  9:15  Void Ray x2, Protoss Ground Weapons Level 2 (Chrono Boost)  
  179  9:16  Void Ray  
  179  9:22  Nexus  
  191  9:25  Zealot x2  
  183  9:52  Psionic Storm, Void Ray  
  183  9:56  Pylon  
  183  9:58  Observer (Chrono Boost)  
  183  9:59  Assimilator  
  188  10:02  Assimilator  
  188  10:03  Zealot x5  
  188  10:04  Zealot  
  188  10:05  Pylon  
  197  10:41  Protoss Air Weapons Level 3 (Chrono Boost)  
  197  10:44  Photon Cannon  
  197  10:45  Photon Cannon  
  197  10:46  Photon Cannon  
  197  10:49  Photon Cannon  
  197  10:51  Photon Cannon  
  197  10:55  Observer, Shield Battery  
  198  10:58  Stargate  
  198  10:59  Shield Battery  
  198  11:02  Stargate  
  198  11:14  Protoss Ground Weapons Level 3 (Chrono Boost)  
  188  11:37  Tempest x2  
  198  11:45  Photon Cannon  
  198  11:49  Photon Cannon  
  198  11:50  Pylon  
  198  11:54  Photon Cannon  
  198  11:57  Blink (Chrono Boost)  
  198  11:58  High Templar, Pylon  
  200  12:02  Forge  
  200  12:04  Cybernetics Core, Nexus  
  200  12:08  Stargate  
  200  12:09  Stargate  
  200  12:10  Pylon  
  200  12:12  Stargate  
  200  12:14  Assimilator  
  200  12:15  Robotics Bay  
  200  12:19  Assimilator  
  200  12:22  Pylon  
  200  12:27  Photon Cannon  
  196  12:33  Photon Cannon  
  196  12:35  Photon Cannon  
  196  12:37  Shield Battery x2  
  196  12:38  Unknown  
  196  12:39  Protoss Shields Level 1  
  196  12:40  Pylon  
  196  12:41  Photon Cannon  
  196  12:43  Shield Battery  
  196  12:44  Pylon  
  196  12:45  Shield Battery  
  196  12:48  High Templar x2, Shield Battery  
  200  12:52  Photon Cannon  
  200  12:53  Photon Cannon  
  200  12:56  Photon Cannon  
  200  12:57  Photon Cannon  
  200  12:58  Protoss Air Armor Level 1 (Chrono Boost)  
  200  12:59  Gravitic Boosters (Chrono Boost)  
  200  13:01  Shield Battery  
  200  13:02  Shield Battery  
  200  13:05  Shield Battery  
  200  13:10  Shield Battery  
  200  13:12  Shield Battery  
  198  13:14  Photon Cannon  
  198  13:17  Pylon  
  198  13:23  Photon Cannon  
  198  13:25  Photon Cannon  
  198  13:35  Observer  
  198  13:39  Oracle x2 (Chrono Boost)  
  199  13:45  Nexus  
  197  13:49  Gravitic Drive  
  200  13:59  Oracle (Chrono Boost)  
  200  14:12  Shield Battery  
  200  14:13  Shield Battery  
  200  14:15  Shield Battery  
  196  14:17  Shield Battery x2  
  196  14:19  Shield Battery  
  195  14:41  Tempest  
  200  14:48  Tempest  
  191  15:09  Tempest x2  
  197  15:21  Protoss Air Armor Level 2 (Chrono Boost)  
  197  15:34  Shield Battery  
  197  15:35  Shield Battery  
  197  15:38  Shield Battery  
  197  15:42  Pylon, Shield Battery  
  197  15:44  Pylon  
  197  15:58  Protoss Shields Level 2 (Chrono Boost)  
  197  15:59  Protoss Ground Armor Level 1 (Chrono Boost)  
  197  16:04  Warp Prism  
  199  16:20  Pylon  
  197  16:36  Shield Battery  
  197  16:37  Photon Cannon, Shield Battery x2  
  197  16:38  Pylon  
  197  16:39  Photon Cannon  
  197  16:40  Photon Cannon, Shield Battery  
  195  17:01  Pylon  
  195  17:03  Pylon  
  195  17:05  Pylon  
  195  17:07  Nexus  
  195  17:10  Pylon  
  195  17:18  Photon Cannon, Shield Battery  
  195  17:19  Shield Battery  
  193  17:26  Shield Battery  
  192  17:30  Photon Cannon  
  192  17:31  Photon Cannon  
  192  17:33  Photon Cannon  
  192  17:35  Shield Battery  
  192  17:40  Photon Cannon  
  192  17:41  Photon Cannon  
  191  17:46  Assimilator  
  185  17:55  Photon Cannon x2  
  185  17:56  Tempest x3  
  185  17:57  Photon Cannon  
  185  17:58  Shield Battery x2  
  199  18:00  Photon Cannon  
  199  18:01  Photon Cannon, Assimilator  
  199  18:02  Photon Cannon  
  199  18:04  Photon Cannon  
  199  18:22  Assimilator  
  199  18:46  Observer  
  199  18:52  Void Ray x3  
  191  19:09  Observer  
  192  19:14  Zealot x4  
  200  19:24  Void Ray x2  
  193  19:52  Shield Battery  
  193  19:53  Shield Battery  
  193  19:55  Shield Battery  
  193  19:56  Shield Battery  
  193  19:58  Shield Battery  
  193  19:59  Pylon  
  191  20:17  Assimilator  
  191  20:35  Zealot x4  
  199  20:42  Zealot x3  
  199  20:45  Pylon  
  184  20:51  Stalker x3  
  184  20:55  Void Ray x2  
  184  20:56  Zealot x4  
  185  20:59  Photon Cannon, Observer  
  185  21:01  Photon Cannon x2, Void Ray x3  
  185  21:02  Void Ray  
  199  21:12  Photon Cannon  
  199  21:13  Photon Cannon  
  199  21:15  Photon Cannon  
  199  21:16  Photon Cannon  
  199  21:17  Photon Cannon  
  199  21:18  Photon Cannon x2  
  199  21:20  Photon Cannon, Protoss Shields Level 3 (Chrono Boost), Protoss Ground Armor Level 2 (Chrono Boost)  
  199  21:21  Observer  
  199  21:22  Photon Cannon x2  
  199  21:23  Shield Battery  
  199  21:24  Pylon  
  200  21:44  Protoss Air Armor Level 3  
  200  21:55  Pylon  
  199  22:07  High Templar x2  
  200  22:08  Pylon  
  200  22:10  Pylon  
  200  22:12  Pylon  
  200  22:13  Photon Cannon  
  200  22:14  Photon Cannon  
  199  22:17  Dark Shrine  
  194  22:27  Shield Battery  
  194  22:28  Shield Battery  
  194  22:31  Photon Cannon  
  194  22:33  Shield Battery  
  194  22:34  Shield Battery  
  194  22:35  Shield Battery  
  194  22:37  Shield Battery x2  
  194  22:38  Shield Battery  
  194  22:40  Shield Battery  
  194  22:45  Photon Cannon  
  194  22:46  Photon Cannon  
  180  22:52  High Templar x3  
  180  22:53  High Templar x3  
  180  22:54  Zealot x4  
  180  22:58  Archon x2  
  199  23:04  Pylon  
  199  23:07  Pylon  
  199  23:36  Archon  
  191  23:42  High Templar x2  
  195  23:54  Observer  
  194  24:16  Observer  
  190  24:28  Archon  
  200  24:43  Protoss Ground Armor Level 3  
  199  24:55  Pylon  
  199  24:57  Pylon  
  199  25:07  Tempest (Chrono Boost)  
  168  25:08  High Templar x3  
  168  25:09  Void Ray (Chrono Boost), High Templar  
  193  25:14  Tempest (Chrono Boost)  
  193  25:19  Carrier (Chrono Boost)  
  193  25:20  Carrier (Chrono Boost)  
  179  25:40  High Templar  
  179  25:41  Zealot  
  179  25:42  Zealot x8  
  199  25:45  Observer (Chrono Boost)  
  196  26:16  Archon  
  194  26:28  High Templar x3  
  142  27:12  Stalker x6  
  142  27:13  Stalker x4  
  99  27:22  Archon  
  83  27:36  Stalker x10  
  95  27:41  Void Ray x2 (Chrono Boost)  
  95  27:42  Archon  
  95  27:43  Carrier x2 (Chrono Boost)  
  95  27:44  Carrier (Chrono Boost)  
  89  27:48  Void Ray x2 (Chrono Boost)  
  117  27:54  Carrier (Chrono Boost)  
  117  28:00  High Templar x4  
  117  28:02  Stalker x5  
  117  28:03  Stalker  
  131  28:24  Archon  
  113  28:27  Observer  
  113  28:29  Void Ray (Chrono Boost)  
  113  28:31  Stalker  
  113  28:32  Stalker x9  
  113  28:33  Carrier (Chrono Boost)  
  119  28:36  Void Ray x2 (Chrono Boost)  
  119  28:38  Carrier (Chrono Boost)  
  147  28:55  Carrier (Chrono Boost)  
  157  28:58  Tempest (Chrono Boost)  
  157  29:01  Tempest (Chrono Boost)  
  157  29:02  Tempest (Chrono Boost)  
  157  29:09  Tempest (Chrono Boost)  
  158  29:10  Tempest (Chrono Boost)  
  158  29:11  High Templar  
  158  29:12  High Templar x2  
  174  29:23  Tempest (Chrono Boost)  
  174  29:25  Zealot  
  174  29:26  Zealot x6, Tempest (Chrono Boost)  
  196  29:32  Archon  
  196  29:39  Void Ray x3  
  194  29:48  Observer  
  194  30:10  Pylon  
  190  30:14  Pylon  
  187  30:25  High Templar  
  187  30:26  High Templar  
  182  30:37  Void Ray x4  
  182  30:46  Observer  
  199  30:59  Pylon  
  199  31:01  Archon x2  
  199  31:05  High Templar x2  
  199  31:13  Pylon  
  199  31:18  High Templar  
  195  31:20  Oracle  
  195  31:23  Observer  
  198  31:27  Shield Battery  
  198  31:29  Observer, Shield Battery  
  198  31:30  Shield Battery  
  198  31:31  Shield Battery  
  198  31:32  Photon Cannon  
  198  31:33  Photon Cannon  
  198  31:37  Observer  
  198  31:41  Photon Cannon  
  198  31:42  Shield Battery  
  198  31:43  Shield Battery  
  198  31:46  Pylon  
  198  32:13  Assimilator  
  198  32:21  Oracle  
  186  32:42  High Templar  
  186  32:43  High Templar x2  
  192  32:48  Shield Battery x2  
  192  32:50  Shield Battery  

Tags
 
Add a new tag
Caveats
  • Supply blocks, unpowered buildings, or Contaminate may cause inaccurate times.
  • Supply counts are checked every 10 seconds.